 Dungeon Crawl Stone Soup version 0.21.1-1-g345015fe64 (webtiles) character file.

936 Ablot the Fighter (level 8, -3/71 HPs)
             Began as a Gnoll Wanderer on July 24, 2018.
             Was a Follower of Cheibriados.
             Slain by Delanovic's ghost (15 damage)
             ... on level 7 of the Dungeon.
             The game lasted 00:26:55 (6272 turns).

Ablot the Fighter (Gnoll Wanderer)                  Turns: 6272, Time: 00:26:56

Health: -3/71      AC:  3    Str: 18    XL:     8   Next: 12%
Magic:  12/12      EV: 14    Int: 20    God:    Cheibriados [*.....]
Gold:   146        SH:  0    Dex: 18    Spells: 8/12 levels left

rFire    . . .     SeeInvis .   x - +1 dagger (venom)
rCold    . . .     Gourm    .   (no shield)
rNeg     . . .     Faith    .   e - +0 robe
rPois    .         Spirit   .   H - +0 helmet
rElec    .         Reflect  .   (no cloak)
rCorr    +         Harm     .   (no gloves)
MR       .....                  (no boots)
Stlth    +.........             (no amulet)
HPRegen  0.21/turn              A - ring of resist corrosion
MPRegen  0.13/turn              N - +4 ring of intelligence

@: confused, very slow
A: distributed training, fangs 1, strong nose
a: Bend Time, Renounce Religion


You were on level 7 of the Dungeon.
You worshipped Cheibriados.
Cheibriados was aware of your devotion.
You were hungry.

You visited 1 branch of the dungeon, and saw 7 of its levels.

You collected 321 gold pieces.
You spent 175 gold pieces at shops.

Inventory:

Hand Weapons
 h - a +0 dagger of freezing
 x - a +1 dagger of venom (weapon)
 y - a +1 short sword of draining
Missiles
 j - 51 poisoned needles
 m - 90 arrows
 s - 5 needles of sleeping
 F - 12 tomahawks (quivered)
 P - a throwing net
Armour
 e - a +0 robe (worn)
 u - a +0 buckler
 H - a +0 helmet (worn)
Jewellery
 w - an uncursed ring of ice
 A - a ring of resist corrosion (left hand)
 N - a +4 ring of intelligence (right hand)
Wands
 E - a wand of scattershot (5)
 K - a wand of random effects (23)
Scrolls
 a - a scroll of blinking
 c - 7 scrolls of teleportation
 l - a scroll of noise {unknown}
 o - a scroll of immolation {unknown}
 p - a scroll of amnesia {unknown}
 q - 2 scrolls of enchant weapon {unknown}
 z - 4 scrolls of random uselessness {unknown}
 C - 3 scrolls of fear
 D - 2 scrolls of remove curse
 G - 2 scrolls of fog
 J - 2 scrolls of identify
Potions
 b - a potion of berserk rage
 f - a potion of flight
 i - a potion of invisibility
 k - a potion of cancellation
 n - a potion of haste
 r - a potion of lignification {unknown}
 t - a potion of agility {unknown}
 v - a potion of might {unknown}
 B - a potion of brilliance {unknown}
 L - a potion of ambrosia
 O - a potion of degeneration {unknown}
Books
 I - a book of Flames

   Spells                             Type                      Level
   a - Flame Tongue                   Conjuration/Fire             1
   b - Throw Flame                    Conjuration/Fire             2
   c - Conjure Flame                  Conjuration/Fire             3
   d - Inner Flame                    Hexes/Fire                   3
   e - Sticky Flame                   Conjuration/Fire             4
   f - Fireball                       Conjuration/Fire             5
Comestibles
 g - 9 rations


   Skills:
 + Level 9.0 Fighting
 + Level 2.9 Short Blades
 + Level 2.9 Long Blades
 + Level 2.9 Axes
 + Level 2.9 Maces & Flails
 + Level 2.9 Polearms
 + Level 2.9 Staves
 + Level 2.9 Slings
 + Level 2.9 Bows
 + Level 2.9 Crossbows
 + Level 3.9 Throwing
 + Level 3.9 Armour
 + Level 3.9 Dodging
 + Level 3.8 Stealth
 + Level 2.9 Shields
 + Level 5.4 Unarmed Combat
 + Level 2.9 Spellcasting
 + Level 2.3 Conjurations
 + Level 2.3 Hexes
 + Level 2.3 Charms
 + Level 2.3 Summonings
 + Level 2.3 Necromancy
 + Level 2.3 Translocations
 + Level 2.3 Transmutations
 + Level 2.3 Fire Magic
 + Level 2.3 Ice Magic
 + Level 2.3 Air Magic
 + Level 2.3 Earth Magic
 + Level 2.3 Poison Magic
 + Level 3.2 Invocations
 + Level 2.9 Evocations


You had 8 spell levels left.
You knew the following spells:

 Your Spells              Type           Power        Failure   Level  Hunger
a - Flame Tongue          Conj/Fire      ##...        5%          1    None
b - Conjure Flame         Conj/Fire      ##......     16%         3    ###....


Dungeon Overview and Level Annotations

Branches:
Dungeon (7/15)
 Temple: D:4-7

Altars:
Cheibriados
Dithmenos
Kikubaaqudgha
Okawaru
Uskayaw
Vehumet
Wu Jian
The Shining One

Shops:
D:4 ?

Annotations:
D:7 Delanovic's ghost, novice HaFi


Innate Abilities, Weirdness & Mutations

Your experience applies equally to all skills.
You have very sharp teeth.
Your uncanny sense of smell can sniff out nearby items.


Message History

Delanovic's ghost hits you!
* * * LOW HITPOINT WARNING * * *
You feel better. Delanovic's ghost misses you. Delanovic's ghost hits you!
* * * LOW HITPOINT WARNING * * *
You feel better. Delanovic's ghost hits you.
* * * LOW HITPOINT WARNING * * *
You feel better. Delanovic's ghost hits you!
* * * LOW HITPOINT WARNING * * *
It was a potion of ambrosia.
You are confused.
You feel invigorated.
The gnoll sergeant shouts!
You hear a shout!
Delanovic's ghost hits you.
* * * LOW HITPOINT WARNING * * *
Delanovic's ghost hits you!
* * * LOW HITPOINT WARNING * * *
You hear the slow hiss of a very distant avalanche of sand.
Delanovic's ghost barely misses you. Delanovic's ghost hits you!
You die...

## #.∆ #.
#.# ∆ #.. #
##.## .#
#[.<##..####
#.#@..g.....
#..W######.#
##.#######.
#....)....
#..######
#####..# ∆
#......#
#.###..####
#.)).(#


You could see a gnoll sergeant and Delanovic's ghost.

Vanquished Creatures
  A black bear (D:6)
  A sky beast (D:5)
  A bullfrog (D:6)
  A scorpion (D:5)
  The ghost of bolko the Charmwright, a weakling DsSk (D:4)
  A jelly (D:7)
  A hound (D:4)
  2 bullfrog skeletons
  2 centaur skeletons
  A gnoll shaman (D:6)
  2 iguanas
  3 worker ants
  A statue (D:6)
  A hound skeleton (D:5)
  Robin (D:3)
  6 gnolls
  7 adders
  5 worms
  6 dart slugs
  6 orcs
  5 bats
  2 giant cockroaches
  16 goblins
  5 hobgoblins
  4 jackals (D:1)
  5 frilled lizards
  6 kobolds
  A quokka skeleton (D:4)
  5 rats
99 creatures vanquished.

Notes
Turn   | Place    | Note
-------+----------+-------------------------------------------
     0 | D:1      | Ablot the Gnoll Wanderer began the quest for the Orb.
     0 | D:1      | Ablot set off with: a scroll of blinking, a potion of berserk rage, a scroll of teleportation, a potion of curing, a +0 robe, a +0 club, a ration
     0 | D:1      | Reached XP level 1. HP: 26/26 MP: 1/1
    93 | D:1      | Reached XP level 2. HP: 30/33 MP: 2/2
   685 | D:1      | Reached XP level 3. HP: 35/38 MP: 3/3
  1032 | D:2      | Reached skill level 1 in Invocations
  1295 | D:2      | Reached skill level 1 in Short Blades
  1295 | D:2      | Reached skill level 1 in Long Blades
  1295 | D:2      | Reached skill level 1 in Axes
  1295 | D:2      | Reached skill level 1 in Maces & Flails
  1295 | D:2      | Reached skill level 1 in Polearms
  1295 | D:2      | Reached skill level 1 in Staves
  1295 | D:2      | Reached skill level 1 in Slings
  1295 | D:2      | Reached skill level 1 in Bows
  1295 | D:2      | Reached skill level 1 in Crossbows
  1295 | D:2      | Reached skill level 1 in Shields
  1295 | D:2      | Reached skill level 1 in Spellcasting
  1295 | D:2      | Reached skill level 1 in Evocations
  1459 | D:2      | Reached XP level 4. HP: 45/45 MP: 5/5
  2097 | D:3      | Reached skill level 1 in Conjurations
  2097 | D:3      | Reached skill level 1 in Hexes
  2097 | D:3      | Reached skill level 1 in Charms
  2097 | D:3      | Reached skill level 1 in Summonings
  2097 | D:3      | Reached skill level 1 in Necromancy
  2097 | D:3      | Reached skill level 1 in Translocations
  2097 | D:3      | Reached skill level 1 in Transmutations
  2097 | D:3      | Reached skill level 1 in Fire Magic
  2097 | D:3      | Reached skill level 1 in Ice Magic
  2097 | D:3      | Reached skill level 1 in Air Magic
  2097 | D:3      | Reached skill level 1 in Earth Magic
  2097 | D:3      | Reached skill level 1 in Poison Magic
  2520 | D:3      | Noticed Robin
  2527 | D:3      | Reached XP level 5. HP: 33/51 MP: 6/6
  2539 | D:3      | Killed Robin
  2992 | D:4      | Noticed bolko's ghost (weakling DsSk)
  3038 | D:4      | Killed bolko's ghost
  3246 | D:4      | Reached XP level 6. HP: 50/57 MP: 8/8
  3424 | D:4      | Reached skill level 5 in Unarmed Combat
  3498 | D:4      | Learned a level 1 spell: Flame Tongue
  3502 | D:4      | Learned a level 3 spell: Conjure Flame
  3534 | D:4      | Found an ornate altar of the Wu Jian Council.
  3543 | D:4      | Found a hide-covered altar of Uskayaw.
  3743 | D:4      | Found Beani's Magic Scroll Emporium.
  3755 | D:4      | Bought a scroll of remove curse for 39 gold pieces
  3755 | D:4      | Bought a scroll of identify for 26 gold pieces
  3755 | D:4      | Bought a scroll of teleportation for 39 gold pieces
  3755 | D:4      | Bought a scroll of fog for 26 gold pieces
  3758 | D:4      | Bought a scroll of fear for 45 gold pieces
  3869 | D:5      | Entered Level 5 of the Dungeon
  4028 | D:5      | Noticed a sky beast
  4062 | D:5      | Killed a sky beast
  4062 | D:5      | Reached XP level 7. HP: 17/63 MP: 7/10
  4453 | D:5      | Found an iron altar of Okawaru.
  4747 | D:5      | Found a snail-covered altar of Cheibriados.
  4750 | D:5      | Became a worshipper of Cheibriados the Contemplative
  5208 | D:6      | Found a radiant altar of Vehumet.
  5355 | D:6      | Reached skill level 9 in Fighting
  5426 | D:6      | Found a glowing golden altar of the Shining One.
  6039 | D:6      | Reached XP level 8. HP: 71/71 MP: 12/12
  6064 | D:6      | Found an ancient bone altar of Kikubaaqudgha.
  6076 | D:6      | Found a shadowy altar of Dithmenos.
  6245 | D:7      | Reached * piety under Cheibriados
  6261 | D:7      | Noticed Delanovic's ghost (novice HaFi)
  6266 | D:7      | HP: 2/71 [Delanovic's ghost (15)]
  6272 | D:7      | Slain by Delanovic's ghost

Skill      XL: |  1  2  3  4  5  6  7 |
---------------+----------------------+-----
Invocations    | 1 2 3 |  3.2
Short Blades   | 1 2 |  2.9
Long Blades    | 1 2 |  2.9
Axes           | 1 2 |  2.9
Maces & Flails | 1 2 |  2.9
Polearms       | 1 2 |  2.9
Staves         | 1 2 |  2.9
Slings         | 1 2 |  2.9
Bows           | 1 2 |  2.9
Crossbows      | 1 2 |  2.9
Shields        | 1 2 |  2.9
Spellcasting   | 1 2 |  2.9
Evocations     | 1 2 |  2.9
Conjurations   | 1 2 |  2.3
Hexes          | 1 2 |  2.3
Charms         | 1 2 |  2.3
Summonings     | 1 2 |  2.3
Necromancy     | 1 2 |  2.3
Translocations | 1 2 |  2.3
Transmutations | 1 2 |  2.3
Fire Magic     | 1 2 |  2.3
Ice Magic      | 1 2 |  2.3
Air Magic      | 1 2 |  2.3
Earth Magic    | 1 2 |  2.3
Poison Magic   | 1 2 |  2.3
Throwing       | 3 |  3.9
Armour         | 3 |  3.9
Dodging        | 3 |  3.9
Stealth        | 3 |  3.8
Unarmed Combat | 5 |  5.4
Fighting       | 9 |  9.0

Action                   |  1- 3 |  4- 6 |  7- 9 || total
-------------------------+-------+-------+-------++-------
Melee: Unarmed           |     7 |       |       ||     7
       Dagger            |    96 |   133 |    79 ||   308
       Bite              |    11 |    22 |    21 ||    54
       Punch             |     3 |     4 |     5 ||    12
       Short sword       |       |    43 |    18 ||    61
       Scimitar          |       |       |     3 ||     3
Throw: Tomahawk          |       |    17 |    10 ||    27
 Cast: Flame Tongue      |       |     4 |     4 ||     8
  Use: Potion            |       |     3 |     5 ||     8
       Scroll            |       |     3 |     1 ||     4
 Stab: Sleeping          |     5 |     3 |     2 ||    10
       Distracted        |     1 |       |       ||     1
  Eat: Chunk             |     1 |     9 |     4 ||    14
       Ration            |       |       |     1 ||     1
Armor: Robe              |    15 |    14 |    10 ||    39
Dodge: Dodged            |    51 |    82 |    66 ||   199
       Rpst.: Scimitar   |       |       |     1 ||     1
